 Dungeon Crawl Stone Soup version 0.31-a0-876-gfe8ebadbca (webtiles) character file.

Game seed: 4804117409789875360

7177 Xavori the Covert (level 11, -6/72 HPs)
             Began as an Octopode Chaos Knight on Oct 13, 2023.
             Was a Plaything of Xom.
             Shot with an arrow by a centaur (11 damage)
             ... on level 11 of the Dungeon.
             The game lasted 00:13:23 (13538 turns).

Xavori the Covert (Octopode Chaos Knight)          Turns: 13538, Time: 00:13:23

Health: -6/72      AC: 10    Str: 16    XL:     11   Next: 11%
Magic:  11/11      EV: 15    Int: 13    God:    Xom [..*...]
Gold:   317        SH:  4    Dex: 15    Spells: 10/10 levels left

rFire   . . .        v - +3 quick blade (protect)
rCold   + . .        x - +0 buckler
rNeg    . . .        q - +0 mask of the Dragon {Will+ Slay+3 SInv}
rPois   .            (no amulet)
rElec   .            (no ring)
rCorr   .            (no ring)
SInv    +            (no ring)
Will    +....        (no ring)
Stlth   ++++++       (no ring)
HPRegen 0.32/turn    (no ring)
MPRegen 0.12/turn    (no ring)
                     (no ring)

%: no passive effects
@: under a protective aura
A: almost no armour, amphibious, 8 rings, camouflage 1, gelatinous body 1,
(nimble swimmer 1), tentacles, tentacle spike 2, iridescent scales 1, cold
resistance 1, mutation resistance 1, sense surroundings 1, strong 1, wild magic
2
a: Renounce Religion


You were on level 11 of the Dungeon.
You worshipped Xom.
You were a toy of Xom.
You visited 1 branch of the dungeon, and saw 10 of its levels.
You also visited: Bailey.

You collected 1252 gold pieces.
You spent 935 gold pieces at shops.

Inventory:

Hand Weapons
 v - a +3 quick blade of protection (weapon)
Armour
 q - the +0 mask of the Dragon (worn) {Will+ Slay+3 SInv}
   (You bought it in a shop on level 1 of the Dungeon)

   Slay+3:    It affects your accuracy & damage with ranged weapons and melee
   (+3).
   Will+:     It increases your willpower.
   SInv:      It lets you see invisible.
 x - a +0 buckler (worn)
Jewellery
 G - an amulet of reflection
Talismans
 n - a blade talisman
Wands
 c - a wand of digging (6)
 l - a wand of iceblast (4)
 m - a wand of quicksilver (7)
 r - a wand of mindburst (5)
 z - a wand of flame (17)
Scrolls
 b - 2 scrolls of butterflies
 d - 2 scrolls of blinking {unknown}
 e - a scroll of fog {unknown}
 h - a scroll of teleportation
 j - a scroll of torment
 p - a scroll of vulnerability {unknown}
 u - 2 scrolls of amnesia {unknown}
 y - a scroll of poison
 A - a scroll of silence {unknown}
 B - 2 scrolls of enchant armour
 H - 2 scrolls of identify
Potions
 a - a potion of ambrosia {unknown}
 f - 10 potions of heal wounds
 g - 5 potions of cancellation {unknown}
 i - 2 potions of degeneration {unknown}
 k - 6 potions of curing
 o - 2 potions of might
 s - a potion of enlightenment {unknown}
 t - 2 potions of haste {unknown}
 w - 4 potions of invisibility {unknown}
 C - a potion of brilliance {unknown}
 D - 3 potions of mutation {unknown}
 E - a potion of magic {unknown}
 F - 3 potions of resistance {unknown}


   Skills:
 + Level 6.0 Fighting
 + Level 8.5 Short Blades
 + Level 5.1 Dodging
 + Level 12.6 Stealth
 + Level 1.4 Shields
 * Level 7.1 Evocations
 * Level 5.8 Shapeshifting


You had 10 spell levels left.
You didn't know any spells.
Your spell library contained the following spells:

 Spells                   Type           Power      Damage    Failure   Level
 Shock                    Conj/Air       0%         1d3       56%         1
 Swiftness                Air            0%         N/A       88%         3
 Airstrike                Air            0%         2d(0-16)  99%         4
 Leda's Liquefaction      Hex/Erth       0%         N/A       99%         4
 Lee's Rapid Deconstruct  Erth           0%         3d4*      100%        5
 Bombard                  Conj/Erth      0%         9d1       100%        6


Dungeon Overview and Level Annotations

Branches:
Dungeon (11/15)            Temple (0/1) D:5            Lair (0/5) D:8
 Bailey (visited)
    Orc: D:9-12

Altars:
Elyvilon
Fedhas
Gozag
Nemelex Xobeh
Qazlal
Xom
Yredelemnul

Shops:
D:1 ?[   D:5 =   D:8 :   D:9 (


Innate Abilities, Weirdness & Mutations

You cannot wear most types of armour.
You are amphibious.
You can wear up to eight rings at the same time.
Your skin changes colour to match your surroundings (Stealth+).
Your rubbery body absorbs attacks. (AC +1, EV +1)
((You are camouflaged when in or above water. (Stealth+)))
You have tentacles for arms and can constrict up to eight enemies at once.
One of your tentacles bears a nasty spike.
You are partially covered in iridescent scales. (AC +2)
Your flesh is cold resistant. (rC+)
You are somewhat resistant to further mutation.
You passively map a small area around you.
Your muscles are strong. (Str +4, Int/Dex -1)
Your spells are harder to cast, but more powerful.


Message History

The arrow barely misses you.
You hit the centaur.
Your tentacle spike misses the centaur.
You barely miss the centaur.
The centaur is heavily wounded.
The centaur hits you but does no damage.
The centaur barely misses you.
A centaur comes into view.
The centaur shoots an arrow.
The arrow barely misses you.
The centaur shoots an arrow.
The arrow closely misses you. The centaur hits you. The centaur kicks you.
The centaur shouts!
You hit the centaur.
You pierce the centaur.
You squeeze the centaur. You hit the centaur but do no damage.
You pierce the centaur.
You kill the centaur!
You hear a shout!
The centaur wields a +0 shortbow.
The centaur shoots an arrow.
You block the arrow.
The centaur shoots an arrow.
The arrow hits you!
The centaur shoots an arrow.
The arrow completely misses you.
The centaur shoots an arrow.
The arrow hits you!
The centaur shoots an arrow.
The arrow hits you.
The centaur shoots an arrow.
The arrow hits you.
The centaur shoots an arrow.
The arrow barely misses you.
The centaur shoots an arrow.
The arrow hits you!
The centaur shoots an arrow.
The arrow closely misses you.
The centaur shoots an arrow.
The arrow hits you but does no damage.
The centaur shoots an arrow.
The arrow barely misses you.
The centaur shoots an arrow.
The arrow misses you.
The centaur shoots an arrow.
The arrow hits you.
The centaur shoots an arrow.
The arrow hits you!
* * * LOW HITPOINT WARNING * * *
A centaur comes into view.
The centaur shoots an arrow.
The arrow barely misses you.
The centaur shoots an arrow.
The arrow misses you.
There is a stone staircase leading up here.
The centaur wields a +0 orcbow.
The centaur shoots an arrow.
The arrow hits you!
* * * LOW HITPOINT WARNING * * *
Xom is mildly amused.
The centaur shoots an arrow.
You block the arrow.
The centaur shoots an arrow.
The arrow closely misses you.
The centaur shoots an arrow.
The arrow hits you!
You die...
Xom chortles!

* * , *
.........# ,
.........# * *
.........# * ,
*.........# * , *
.........# ,.,
**.........# ..
,, * ,
.........####.c.
,,
.......@.....c..,
................
* *
........).....c.
, ,
...####..####.c,
, ,, .. * #..# *
., ,, , . #..# ,
#..# , , #..# #*
, , , ,
#..####..# * ,


You could see 4 centaurs.

Vanquished Creatures
  An orc knight (Bailey)
  A troll (D:11)
  Prince Ribbit (D:5)
  A wraith (D:9)
  A wyvern (D:8)
  18 yaks
  3 orc warriors
  A sky beast (D:7)
  A black bear (D:8)
  An ogre (D:7)
  3 centaurs
  A phantom (D:7)
  A kobold brigand (D:8)
  7 bullfrogs
  A gnoll sergeant (D:9)
  A scorpion (D:5)
  15 wights
  3 killer bees (D:7)
  3 howler monkeys
  2 jellies
  5 hounds
  3 orc priests
  Ijyb (D:4)
  5 orc wizards
  17 gnolls
  4 adders
  3 shadow imps
  2 ufetubi
  2 worms
  A dart slug (D:1)
  57 orcs
  8 endoplasms
  5 giant cockroaches
  4 goblins
  7 hobgoblins
  2 quokkas
  2 ball pythons (D:2)
  6 bats
  3 frilled lizards (D:2)
  10 kobolds
  4 rats
217 creatures vanquished.

Vanquished Creatures (collateral kills)
  3 killer bees (D:7)
3 creatures vanquished.

Grand Total: 220 creatures vanquished

Notes
Turn   | Place    | Note
-------+----------+-------------------------------------------
     0 | D:1      | Xavori the Octopode Chaos Knight began the quest for the
                  | Orb.
     0 | D:1      | Reached XP level 1. HP: 16/16 MP: 1/1
    31 | D:1      | XOM: smoke on damage
    34 | D:1      | XOM: silly message
    37 | D:1      | XOM: potion effect (curing)
    46 | D:1      | XOM: silly message
    98 | D:1      | Reached XP level 2. HP: 16/21 MP: 2/2
   229 | D:1      | Found Junagenitz's Magic Scroll Boutique.
   376 | D:1      | Found Byanwy's Antique Armour Boutique.
   383 | D:1      | Reached XP level 3. HP: 26/26 MP: 3/3
   612 | D:1      | XOM: silly message
   761 | D:1      | XOM: scenery: summon butterflies
  1038 | D:1      | XOM: scenery: create altars
  1552 | D:1      | XOM: give mutation
  1552 | D:1      | Gained mutation: You are strong-willed. (Will+) [Xom's
                  | grace]
  1646 | D:1      | XOM: cloud trail
  1693 | D:1      | XOM: scenery: summon butterflies
  1801 | D:1      | XOM: give mutations
  1801 | D:1      | Gained mutation: You have an increased reservoir of magic.
                  | (+10% MP) [Xom's grace]
  1801 | D:1      | Gained mutation: Your spells are a little harder to cast,
                  | but a little more powerful. [Xom's grace]
  1960 | D:1      | XOM: give mutations
  1960 | D:1      | Gained mutation: You passively dampen the noise of your
                  | surroundings. [Xom's grace]
  1960 | D:1      | Gained mutation: Your flesh is heat resistant. (rF+) [Xom's
                  | grace]
  2952 | D:1      | XOM: silly message
  2979 | D:1      | XOM is BORED!
  2979 | D:1      | XOM: noise
  3526 | D:1      | XOM: god gift: 39 gold pieces
  4334 | D:1      | XOM is BORED!
  4334 | D:1      | XOM: noise
  4832 | D:1      | XOM: give mutations
  4832 | D:1      | Gained mutation: You are resistant to electric shocks.
                  | (rElec) [Xom's grace]
  4832 | D:1      | Gained mutation: You passively map a small area around you.
                  | [Xom's grace]
  4832 | D:1      | Gained mutation: You are somewhat resistant to further
                  | mutation. [Xom's grace]
  5039 | D:1      | XOM: give mutations
  5039 | D:1      | Gained mutation: Your flesh is cold resistant. (rC+) [Xom's
                  | grace]
  5039 | D:1      | Gained mutation: Your muscles are strong. (Str +4, Int/Dex
                  | -1) [Xom's grace]
  5223 | D:1      | XOM is BORED!
  5548 | D:1      | XOM: summons 3 hostile shadow creatures
  5728 | D:2      | XOM: give mutations
  5728 | D:2      | Gained mutation: You are partially covered in iridescent
                  | scales. (AC +2) [Xom's grace]
  5728 | D:2      | Gained mutation: Your spells are harder to cast, but more
                  | powerful. [Xom's grace]
  5728 | D:2      | Gained mutation: One of your tentacles bears a spike.
                  | [Xom's grace]
  5785 | D:2      | Reached skill level 1 in Stealth
  5928 | D:2      | XOM: divination: detect items
  5958 | D:2      | XOM: silly message
  6422 | D:2      | Reached skill level 2 in Stealth
  6422 | D:2      | Reached XP level 4. HP: 32/32 MP: 4/4
  6662 | D:2      | XOM: give mutations
  6662 | D:2      | Gained mutation: You occasionally lose the ability to read
                  | scrolls when taking damage. [Xom's mischief]
  6662 | D:2      | Lost mutation: Your muscles are strong. (Str +4, Int/Dex
                  | -1) [Xom's mischief]
  6662 | D:2      | Lost mutation: You passively dampen the noise of your
                  | surroundings. [Xom's mischief]
  6662 | D:2      | Lost mutation: You are resistant to electric shocks.
                  | (rElec) [Xom's mischief]
  6699 | D:2      | XOM: stat loss: -1 Dex (12/13)
  6707 | D:2      | XOM: silly message
  6742 | D:2      | XOM: god gift: scroll labelled SODWOKK PYUNK {god gift}
  6830 | D:2      | XOM: cloud trail
  6832 | D:2      | Identified a scroll of acquirement
  6834 | D:2      | Acquired 760 gold pieces
  6837 | D:2      | XOM: summons 2 hostile shadow creatures
  6998 | D:2      | XOM: give mutations
  6998 | D:2      | Gained mutation: One of your tentacles bears a nasty spike.
                  | [Xom's grace]
  6998 | D:2      | Gained mutation: Your muscles are strong. (Str +4, Int/Dex
                  | -1) [Xom's grace]
  6998 | D:2      | Gained mutation: Your mind is acute. (Int +4, Str/Dex -1)
                  | [Xom's grace]
  7074 | D:3      | XOM: god gift: curved gold wand {god gift}
  7079 | D:3      | XOM: butterfly on damage
  7263 | D:3      | Found a stormy altar of Qazlal.
  7266 | D:3      | Found a blossoming altar of Fedhas.
  7292 | D:3      | Reached XP level 5. HP: 35/37 MP: 5/5
  7368 | D:3      | XOM: 5-stop teleportation journey
  7640 | D:4      | XOM: divination: detect creatures
  7699 | D:4      | Identified the scarf of the Stallion {rC+ rF+, rElec}
  7733 | D:4      | Reached skill level 3 in Stealth
  7804 | D:4      | XOM is BORED!
  7804 | D:4      | XOM: give mutation
  7804 | D:4      | Lost mutation: You have an increased reservoir of magic.
                  | (+10% MP) [Xom's mischief]
  7853 | D:4      | Noticed Ijyb
  7863 | D:4      | Killed Ijyb
  7864 | D:4      | Reached skill level 1 in Evocations
  8021 | D:4      | Found a white marble altar of Elyvilon.
  8067 | D:4      | XOM: confuse monster(s)
  8090 | D:4      | Found a basalt altar of Yredelemnul.
  8264 | D:4      | Reached XP level 6. HP: 35/43 MP: 6/6
  8309 | D:4      | XOM is BORED!
  8309 | D:4      | XOM: summons 2 hostile demons
  8412 | D:1      | XOM: scenery: summon butterflies
  8424 | D:1      | Bought the +0 mask of the Dragon {Will+ Slay+3 SInv} for
                  | 935 gold pieces
  8424 | D:1      | Found the +0 mask of the Dragon {Will+ Slay+3 SInv}
  8615 | D:4      | XOM: god gift: 7 stones
  8671 | D:5      | Entered Level 5 of the Dungeon
  8671 | D:5      | Noticed a yak
  8671 | D:5      | Noticed a yak
  8671 | D:5      | Noticed a yak
  8671 | D:5      | Noticed a yak
  8671 | D:5      | Noticed a yak
  8672 | D:5      | Noticed a yak
  8766 | D:5      | Reached skill level 4 in Stealth
  8784 | D:5      | Reached skill level 1 in Shapeshifting
  8807 | D:5      | Found Quatsy's Jewellery Shop.
  8824 | D:5      | Found a staircase to the Ecumenical Temple.
  9120 | D:5      | XOM: god gift: +2 quick blade of protection
  9314 | D:5      | Reached XP level 7. HP: 44/48 MP: 7/7
  9393 | D:5      | Noticed Prince Ribbit
  9395 | D:5      | XOM: fog
  9398 | D:5      | Killed Prince Ribbit
  9399 | D:5      | Reached skill level 5 in Short Blades
  9399 | D:5      | Reached skill level 5 in Stealth
  9486 | D:5      | Killed a yak
  9487 | D:5      | Reached XP level 8. HP: 51/54 MP: 8/8
  9488 | D:5      | Killed a yak
  9489 | D:5      | Reached skill level 6 in Stealth
  9496 | D:5      | Killed a yak
  9499 | D:5      | Killed a yak
  9501 | D:5      | Killed a yak
  9502 | D:5      | Reached skill level 7 in Stealth
  9502 | D:5      | Killed a yak
  9626 | D:6      | Reached skill level 5 in Fighting
  9626 | D:6      | Reached XP level 9. HP: 61/61 MP: 9/9
  9742 | D:6      | Found a shimmering altar of Xom.
  9810 | D:6      | Reached skill level 8 in Stealth
  9841 | D:6      | Found an opulent altar of Gozag.
 10469 | D:7      | Reached skill level 9 in Stealth
 10469 | D:7      | Reached skill level 5 in Evocations
 10683 | D:7      | XOM: cast spell 'Discord'
 10991 | D:7      | Identified the +3 rapier of Vismool {protect, rC+} (Xom
                  | gifted it to you on level 7 of the Dungeon)
 10991 | D:7      | XOM: god gift: +3 rapier of Vismool {chaos, rC+}
 11344 | D:8      | Reached skill level 10 in Stealth
 11406 | D:8      | Reached XP level 10. HP: 66/66 MP: 10/10
 11413 | D:8      | XOM: divination: detect items
 11487 | D:8      | Found Aschir's Book Emporium.
 11602 | D:8      | XOM: fog
 11705 | D:8      | Found a staircase to the Lair.
 11800 | D:8      | Found a sparkling altar of Nemelex Xobeh.
 11962 | D:8      | Reached skill level 11 in Stealth
 11968 | D:8      | Reached skill level 5 in Shapeshifting
 12378 | D:9      | Found a flagged portal.
 12390 | Bailey   | Entered a bailey
 12606 | Bailey   | Noticed an orc knight
 12612 | Bailey   | XOM: swap monsters
 12614 | Bailey   | Reached skill level 1 in Shields
 12639 | Bailey   | XOM: give mutations
 12639 | Bailey   | Lost mutation: You occasionally lose the ability to read
                  | scrolls when taking damage. [Xom's mischief]
 12639 | Bailey   | Lost mutation: Your flesh is heat resistant. (rF+) [Xom's
                  | mischief]
 12639 | Bailey   | Lost mutation: You are strong-willed. (Will+) [Xom's
                  | mischief]
 12639 | Bailey   | Lost mutation: Your mind is acute. (Int +4, Str/Dex -1)
                  | [Xom's mischief]
 12720 | Bailey   | XOM: silly message
 12740 | Bailey   | XOM: smoke on damage
 12741 | Bailey   | Killed an orc knight
 12847 | Bailey   | XOM: 10-stop teleportation journey
 12922 | D:9      | XOM: 5-stop teleportation journey
 12931 | D:9      | XOM: swap monsters
 12939 | D:9      | XOM: confuse monster(s)
 12950 | D:9      | Reached skill level 5 in Dodging
 12950 | D:9      | Reached skill level 12 in Stealth
 13042 | D:9      | Found Ymnio's Weapon Shoppe.
 13046 | D:9      | XOM: potion effect (attraction)
 13070 | D:9      | Reached XP level 11. HP: 53/72 MP: 11/11
 13428 | D:9      | Identified the staff of Chewing Bloody Death {rF+ Str+3
                  | Int+5 Fire} (Xom gifted it to you on level 9 of the
                  | Dungeon)
 13428 | D:9      | XOM: god gift: staff of Chewing Bloody Death {rF+ Str+3
                  | Int+5 Fire}
 13513 | D:9      | You fall into a shaft and drop 2 floors!
 13538 | D:11     | Shot with an arrow by a centaur

Illustrated notes

Levels and vault maps discovered:
D:1:      psy_arrival_basics, layout_rooms, serial_shops, shop,
          nicolae_shop_overgrown_old_shop
D:2:      layout_basic, minmay_diced_spiral
D:3:      layout_rooms, grunt_temple_overflow_forces_of_nature,
          due_unseen_surprise
D:4:      layout_basic, kennysheep_ying_yang, uniq_ijyb
D:5:      layout_basic, minmay_temple_entry_ruins, serial_park_tiny_2,
          minmay_shop_enchanted_jewellery, uniq_prince_ribbit1
D:6:      layout_rooms, mainiacjoe_overflow_24_doors, lemuel_round_altar
D:7:      layout_basic, serial_co_window_serial, co_window_paths_b,
          co_window_of_opportunity_a, co_window_paths_a, co_window_corner_a,
          co_window_corner_a, co_window_paths_a, co_window_corner_a,
          co_window_2corner, co_window_paths_c, co_window_unsneaky_path_c,
          co_window_corner_cb, co_window_broadway_a, co_window_sun,
          glass_columns_b, glass_columns_b
D:8:      layout_gridville, mainiacjoe_overflow_alcove_4,
          grunt_lair_entry_orc_guard_hut, serial_shops, shop
D:9:      layout_layer_cave, nzn_wu_jian_council_hall, evilmike_ruin_ashenzari,
          enter_bailey_4, serial_shops, nicolae_shop_bloodbath_and_beyond
D:11:     layout_long_grid, fedhas_bush_and_centaur_altar

Skill      XL: |  1  2  3  4  5  6  7  8  9 10 11 |
---------------+----------------------------------+-----
Stealth        | 2 3 4 5 7 10 12 | 12.6
Short Blades   | 4 5 6 7 8 |  8.5
Dodging        | 3 4 5 |  5.1
Evocations     | 1 2 3 4 5 6 7 |  7.1
Fighting       | 4 5 6 |  6.0
Shapeshifting  | 1 2 3 4 5 |  5.8
Shields        | 1 |  1.4

Action                     |  1- 3 |  4- 6 |  7- 9 | 10-12 || total
---------------------------+-------+-------+-------+-------++-------
  Melee: Short sword       |    57 |   116 |       |       ||   173
         Tentacles         |     8 |    25 |    38 |    49 ||   120
         Constrict         |    11 |    33 |    30 |    26 ||   100
         Kick              |     8 |    37 |    55 |    99 ||   199
         Punch             |       |     2 |     2 |     3 ||     7
         Quick blade       |       |     8 |   145 |   214 ||   367
  Evoke: Wand              |       |       |     1 |     5 ||     6
    Use: Scroll            |       |     6 |     1 |     3 ||    10
         Potion            |       |     1 |     1 |     2 ||     4
   Stab: Sleeping          |     4 |     4 |    14 |    18 ||    40
         Confused          |       |       |       |     2 ||     2
 Armour: Skin              |    22 |    65 |    26 |    64 ||   177
  Dodge: Dodged            |    27 |    61 |    30 |    83 ||   201
  Block: Buckler           |       |       |     5 |    22 ||    27

Table legend: (Time is in decaauts)
 A = Elapsed time spent in this place.
 B = Non-inter-level travel time spent in this place.
 C = Inter-level travel time spent in this place.
 D = Time resting spent in this place.
 E = Time spent auto-exploring this place.
 F = Levels seen in this place.
 G = Mean time per level.
                   A        B        C        D        E       F      G
               +--------+--------+--------+--------+--------+-----+--------+
         Total |  13477 |  13002 |    475 |   5862 |   5697 |  11 | 1225.2 |
       Dungeon |  12962 |  12487 |    475 |   5749 |   5429 |  10 | 1296.2 |
        Bailey |    515 |    515 |      0 |    113 |    268 |   1 |  515.0 |
               +--------+--------+--------+--------+--------+-----+--------+

Top non-repeatable levels by time:
     D:1: 5582 daAuts
     D:2: 1508 daAuts
     D:7: 1130 daAuts
     D:8: 1046 daAuts
     D:4: 975 daAuts
     D:5: 866 daAuts
     D:3: 651 daAuts
     D:9: 642 daAuts
     D:6: 535 daAuts
  Bailey: 515 daAuts
    D:11: 23 daAuts
